 Dungeon Crawl Stone Soup version 0.28.0-45-g0d030f2227 (webtiles) character file.

Game seed: 2411672953968206434

2 McKennaii the Conjurer (level 1, -2/13 HPs)
             Began as a Demonspawn Conjurer on Apr 14, 2022.
             Slain by a goblin
             ... wielding a +0 dagger
              (3 damage)
             ... on level 2 of the Dungeon.
             The game lasted 00:00:39 (87 turns).

McKennaii the Conjurer (Demonspawn Conjurer)          Turns: 87, Time: 00:00:39

Health: -2/13      AC:  2    Str:  7    XL:     1   Next: 33%
Magic:  1/3        EV: 12    Int: 19    God:
Gold:   0          SH:  0    Dex: 11    Spells: 3/4 levels left

rFire   . . .      SeeInvis .   (no weapon)
rCold   . . .      Faith    .   (no shield)
rNeg    . . .      Spirit   .   a - +0 robe
rPois   .          Reflect  .   (no helmet)
rElec   .          Harm     .   (no cloak)
rCorr   .          Rampage  .   (no gloves)
Will    .....                   (no boots)
Stlth   ++........              (no amulet)
HPRegen 0.04/turn               (no ring)
MPRegen 0.08/turn               (no ring)

@: no status effects
A: no striking features
a: no special abilities


You were on level 2 of the Dungeon.
You visited 1 branch of the dungeon, and saw 2 of its levels.

Inventory:

Armour
 a - a +0 robe (worn)
Potions
 c - a potion of curing {unknown}


   Skills:
 - Level 1.7 Dodging
 - Level 1.7 Stealth
 + Level 2.1 Spellcasting
 + Level 4.0 Conjurations


You had 3 spell levels left.
You knew the following spells:

 Your Spells              Type           Power      Damage    Failure   Level
a - Magic Dart            Conj           68%        1d6       3%          1

Your spell library contained the following spells:

 Spells                   Type           Power      Damage    Failure   Level
 Searing Ray              Conj           34%        2d5       4%          2
 Dazzling Flash           Conj/Hex       18%        N/A       22%         3
 Fulminant Prism          Conj/Hex       4%         3d6       58%         4
 Iskenderun's Mystic Bla  Conj/Tloc      9%         2d4       58%         4


Dungeon Overview and Level Annotations

Branches:
Dungeon (1/15)

Altars:


Message History

The rat is heavily wounded.
The giant cockroach bites you.
* * * LOW HITPOINT WARNING * * *
The rat barely misses you.
You hit the rat.
You kill the rat!
The giant cockroach misses you.
Casting: Magic Dart (safe; 3% risk of failure)
Confirm with . or Enter, or press ? or * to list all spells.
Aiming: Magic Dart (safe; 3% risk of failure)
Press: ? - help, Shift-Dir - straight line, f - giant cockroach
Aim: a giant cockroach (100% to hit)
The magic dart hits the giant cockroach.
The giant cockroach is heavily wounded.
The giant cockroach bites you but does no damage.
Unknown command.
Found a scroll labelled VUSAMIXASCH.
The giant cockroach bites you.
* * * LOW HITPOINT WARNING * * *
You see here a rat corpse.
You see here a frilled lizard corpse.
Found 9 gold pieces.
You see here 27 stones.
The giant cockroach completely misses you.
You see here 10 gold pieces.
You see here a +1 chain mail of fire resistance.
You see here a scroll labelled VUSAMIXASCH.
d - a scroll labelled VUSAMIXASCH The giant cockroach bites you.
* * * LOW HITPOINT WARNING * * *
As you read the scroll labelled GUYCRE MEBUPU, it crumbles to dust.
You feel aware of your surroundings.
You sensed 1 shop/portal.
It was a scroll of magic mapping.
The giant cockroach misses you.
The giant cockroach bites you but does no damage.
Okay, then.
Unknown command.
As you read the scroll labelled VUSAMIXASCH, it crumbles to dust.
It is a scroll of enchant weapon.
You aren't carrying any weapons that can be enchanted.
The goblin hits you with a +0 dagger.
You die...

.....****,,,,..,**,* *,*
....#* ****...#**.# *,*
....## #*.#.###.* *,* .....#
#.....#..* *,* .....#
###.##..#.## *,* .....#
#..........###,*
.....####.###.##.....#.#****
......†††.##.$##........,,,*
....#####..($[.#@.#,,,,,,,,*
...## #.#.$[.g..#**,,,,,,*
#### #.##..##..# *,,,,,,*
#.##.###..# ********
#.....,...# #######...#
*####


You could see a goblin.

Vanquished Creatures
  A bat (D:2)
  A frilled lizard (D:2)
  A rat (D:2)
3 creatures vanquished.

Notes
Turn   | Place    | Note
-------+----------+-------------------------------------------
     0 | D:1      | McKennaii the Demonspawn Conjurer began the quest for the
                  | Orb.
     0 | D:1      | Reached XP level 1. HP: 13/13 MP: 3/3
    45 | D:1      | You fall into a shaft and drop 1 floor!
    87 | D:2      | Slain by a goblin

Illustrated notes

Levels and vault maps discovered:
D:1:      dpeg_arrival_brainrot, layout_loops_ring, basic_ecumenical_altar,
          hex_large, minivault_24, skrybe_limestone_x, chequers_arboretum,
          kennysheep_pointless_box
D:2:      minmay_evil_eye, layout_rooms, serial_shops, shop,
          minmay_misc_feat_tiny, minmay_misc_feat_secret_circle,
          minmay_pentomino_p4

Action                   || total
-------------------------++-------
Melee: Unarmed           ||     8
 Cast: Magic Dart        ||     5
  Use: Scroll            ||     2
Armor: Robe              ||     6
Dodge: Dodged            ||    13
